 Dungeon Crawl Stone Soup version 0.23.0-3-gf3c87f2df8 (webtiles) character file.

Game seed: 17354960295820520029

364 Ivernyr the Changer (level 6, -2/30 HPs)
             Began as a Vine Stalker Transmuter on Feb 20, 2019.
             Slain by a river rat (7 damage)
             ... in a sewer.
             The game lasted 00:08:43 (3944 turns).

Ivernyr the Changer (Vine Stalker Transmuter)       Turns: 3944, Time: 00:08:43

Health: -2/30      AC:  5    Str: 12    XL:     6   Next: 67%
Magic:  0/12       EV: 13    Int: 15    God:
Gold:   309        SH:  0    Dex: 15    Spells: 6/12 levels left

rFire    . . .     SeeInvis .     - Unarmed
rCold    . . .     Gourm    .   (no shield)
rNeg     . . .     Faith    .   b - +0 robe
rPois    +         Spirit   +   (no helmet)
rElec    .         Reflect  .   r - +2 cloak {rPois}
rCorr    .         Harm     .   (no gloves)
MR       .....                  (boots currently unavailable)
Stlth    +.........             (no amulet)
HPRegen  0.50/turn              (no ring)
MPRegen  0.13/turn              (no ring)

@: appendage (expiring)
A: fangs 2, talons 3, regeneration 1, magic shield, antimagic bite, no potion
heal 3, rot immunity
a: End Transformation


You were in a sewer.
You were not hungry.
You had grown temporary talons.
You visited 1 branch of the dungeon, and saw 4 of its levels.
You also visited: Sewer.

You collected 309 gold pieces.

Inventory:

Missiles
 a - 53 arrows
Armour
 b - a +0 robe (worn)
 r - a +2 cloak of poison resistance (worn)
Scrolls
 c - a scroll of magic mapping {unknown}
 f - a scroll of enchant armour
 g - a scroll of remove curse
 h - 2 scrolls of teleportation
 j - a scroll of fear
 k - a scroll of enchant weapon {unknown}
 l - a scroll of fog {unknown}
Potions
 e - a potion of lignification {unknown}
 i - a potion of berserk rage {unknown}
 m - 4 potions of curing {unknown}
 n - a potion of flight {unknown}
 o - 2 potions of brilliance {unknown}
 q - a potion of ambrosia {unknown}
Comestibles
 d - 6 rations


   Skills:
 - Level 1.0 Fighting
 + Level 2.9 Dodging
 + Level 4.1 Unarmed Combat
 + Level 3.5 Spellcasting
 * Level 4.5 Transmutations


You had 6 spell levels left.
You knew the following spells:

 Your Spells              Type           Power        Failure   Level  Hunger
a - Beastly Appendage     Tmut           ###...       3%          1    None
b - Sticks to Snakes      Tmut           ###.....     4%          2    ##.....
c - Spider Form           Tmut/Pois      #.........   22%         3    ###....

Your spell library contained the following spells:

 Spells                   Type           Power        Failure   Level  Hunger
 Ice Form                 Ice/Tmut       #.......     58%         4    ####...
 Blade Hands              Tmut           ###.......   63%         5    ######.


Dungeon Overview and Level Annotations

Branches:
Dungeon (4/15)
 Temple: D:4-7

Altars:
Beogh


Innate Abilities, Weirdness & Mutations

You have extremely sharp teeth.
Your natural rate of healing is unusually fast.
When hurt, damage is shared between your health and your magic reserves.
Your bite disrupts and absorbs the magic of your enemies.
Potions cannot restore your health.
You are immune to rotting.
You have claws for feet.


Message History

You claw the river rat, but do no damage.
Your bite misses the river rat.
The river rat is almost dead.
The rat bites you. The river rat bites you!
* * * LOW HITPOINT WARNING * * *
The rat bites you but does no damage.
The river rat bites you but does no damage.
You closely miss the river rat.
You bite the river rat, but do no damage.
The river rat is almost dead.
The rat bites you but does no damage. The river rat misses you.
The rat misses you. The river rat bites you.
* * * LOW HITPOINT WARNING * * *
The rat bites you but does no damage. The river rat bites you.
* * * LOW HITPOINT WARNING * * *
You hit the river rat.
You kill the river rat!
Your transformation is almost over.
The rat barely misses you. The river rat bites you!
You die...

#.. ..≈≈≈≈≈...###.
#.. ..≈≈≈≈≈....#†.
#..###..≈≈≈≈≈....††#
...#....≈≈≈≈......#
#.......≈≈≈......##
.......≈≈.......##
#r.....≈≈........#
#r†r...≈≈.........
#@r....≈≈.......#.
##......≈≈......###
##.......≈≈÷.....###
#...##...≈≈†......##
#...###..≈≈†.....†##
##...##..≈≈≈.......#
#...#..≈≈≈≈.......#
##.....≈≈≈≈≈.......
#.....≈≈≈≈≈.......


You could see a river rat and 3 rats.

Vanquished Creatures
  A big kobold (Sewer)
  A bullfrog skeleton (D:4)
  A hound (D:4)
  2 orc priests (D:3)
  5 adders
  3 river rats (Sewer)
  An ooze (D:4)
  2 worms (D:3)
  3 dart slugs
  4 leopard geckos
  7 orcs
  4 giant cockroaches
  6 goblins
  6 hobgoblins
  4 jackals (D:3)
  A quokka (D:2)
  6 ball pythons
  5 bats
  2 frilled lizards
  10 kobolds
  23 rats
97 creatures vanquished.

Notes
Turn   | Place    | Note
-------+----------+-------------------------------------------
     0 | D:1      | Ivernyr the Vine Stalker Transmuter began the quest for the
                  | Orb.
     0 | D:1      | Reached XP level 1. HP: 9/9 MP: 4/4
    24 | D:1      | Reached skill level 1 in Fighting
   148 | D:1      | Reached XP level 2. HP: 10/14 MP: 6/6
   238 | D:1      | Learned a level 2 spell: Sticks to Snakes
  1248 | D:2      | Reached XP level 3. HP: 17/18 MP: 7/7
  1253 | D:2      | Learned a level 3 spell: Spider Form
  2364 | D:3      | Gained mutation: Your natural rate of healing is unusually
                  | fast. [Vine Stalker growth]
  2364 | D:3      | Reached XP level 4. HP: 3/22 MP: 3/9
  3023 | D:3      | Reached XP level 5. HP: 22/25 MP: 10/10
  3189 | D:3      | Found a roughly hewn altar of Beogh.
  3504 | D:4      | Reached XP level 6. HP: 27/30 MP: 9/11
  3642 | D:4      | Found a glowing drain.
  3660 | Sewer    | Entered a sewer
  3944 | Sewer    | Slain by a river rat

Skill      XL: |  1  2  3  4  5  6 |
---------------+-------------------+-----
Fighting       | 1 |  1.0
Dodging        | 2 |  2.9
Transmutations | 3 4 |  4.5
Spellcasting   | 3 |  3.5
Unarmed Combat | 4 |  4.1

Action                   |  1- 3 |  4- 6 || total
-------------------------+-------+-------++-------
Melee: Unarmed           |   102 |   244 ||   346
       Bite              |    21 |    51 ||    72
       Kick              |     4 |    20 ||    24
       Punch             |     1 |     4 ||     5
       Headbutt          |       |     4 ||     4
 Cast: Beastly Appendage |     3 |    12 ||    15
  Use: Scroll            |       |     4 ||     4
 Stab: Sleeping          |     2 |     1 ||     3
  Eat: Chunk             |     1 |     6 ||     7
       Ration            |     1 |       ||     1
Armor: Robe              |    11 |    60 ||    71
Dodge: Dodged            |    56 |   186 ||   242
